 Dungeon Crawl Stone Soup version 0.31-a0-810-ga77100ea1a (webtiles) character file.

Game seed: 9189273658405292047

46 dynsetu the Ruffian (level 3, 0/23 HPs)
             Began as an Octopode Shapeshifter on Sept 21, 2023.
             Succumbed to an adder's poison
             ... on level 2 of the Dungeon.
             The game lasted 00:01:59 (707 turns).

dynsetu the Ruffian (Octopode Shapeshifter)          Turns: 707, Time: 00:01:59

Health: 0/23       AC:  1    Str: 15    XL:     3   Next: 66%
Magic:  3/3        EV: 13    Int: 12    God:
Gold:   42         SH:  0    Dex: 11    Spells: 2/2 levels left

rFire   . .          .
                       - Unarmed
rCold   . . .        (no shield)
rNeg    . . .        (helmet currently unavailable)
rPois   .            (no amulet)
rElec   .            (no ring)
rCorr   .            (no ring)
SInv    .            (no ring)
Will    .....        (no ring)
Stlth   ++           (no ring)
HPRegen 0.23/turn    (no ring)
MPRegen 0.08/turn    (no ring)
                     (no ring)

%: no passive effects
@: lethally poisoned (0 -> -9), beast-form
A: beast (slay +1), almost no armour, amphibious, 8 rings, camouflage 1,
gelatinous body 1, (nimble swimmer 1), tentacles
a: Begin Untransformation


You were on level 2 of the Dungeon.
You were a hulking beast.
You visited 1 branch of the dungeon, and saw 2 of its levels.

You collected 42 gold pieces.

Inventory:

Talismans
 b - a beast talisman (active)
 c - a flux talisman
Scrolls
 e - 3 scrolls of identify {unknown}
Potions
 a - a potion of lignification
 d - a potion of heal wounds {unknown}


   Skills:
 + Level 1.0 Fighting
 + Level 2.2 Dodging
 + Level 0.4 Stealth
 + Level 4.0 Unarmed Combat
 + Level 3.3 Shapeshifting


You had 2 spell levels left.
You didn't know any spells.
Your spell library was empty.

Dungeon Overview and Level Annotations

Branches:
Dungeon (2/15)

Altars:


Innate Abilities, Weirdness & Mutations

You are a hulking beast.
Your limbs bulge with bestial killing power. (Slay +1)
You cannot wear most types of armour.
You are amphibious.
You can wear up to eight rings at the same time.
Your skin changes colour to match your surroundings (Stealth+).
Your rubbery body absorbs attacks. (AC +1, EV +1)
((You are camouflaged when in or above water. (Stealth+)))
You have tentacles for arms and can constrict up to eight enemies at once.


Message History

Found a club and 5 stones.
The hobgoblin hits you.
The adder hisses angrily.
You tentacle-slap the hobgoblin.
You kill the hobgoblin!
A bat comes into view.
An adder comes into view.
You see here a hobgoblin corpse.
The adder closely misses you.
You closely miss the adder.
The adder hisses angrily.
You grab the adder. Your squeeze misses the adder. You constrict the adder.
The bat completely misses you. The adder bites you.
You are poisoned.
The adder poisons you! The bat barely misses you.
You tentacle-slap the adder but do no damage.
The adder is lightly wounded.
You constrict the adder, but do no damage.
You feel sick. The bat misses you. The bat barely misses you.
The adder misses you.
You bludgeon the adder!
The adder is almost dead.
You constrict the adder.
You feel sick. The bat hits you. The adder bites you.
You are more poisoned.
The adder poisons you! The adder barely misses you.
You are too injured to fight recklessly!
You closely miss the adder. Your grab misses the adder.
You constrict the adder.
You kill the adder!
You feel sick. The bat closely misses you. The adder bites you.
* * * LOW HITPOINT WARNING * * *
Your Unarmed Combat skill increases to level 4!
You barely miss the adder. Your grab misses the adder.
* * * LOW HITPOINT WARNING * * *
You feel sick. The bat barely misses you. The adder bites you.
* * * LOW HITPOINT WARNING * * *
You are more poisoned.
The adder poisons you!
You tentacle-slap the adder. Your grab misses the adder.
The adder is heavily wounded.
You die...

##.#.##. .
#......#.
#......#.
#.......
#).....######
#....b......(
##...†S..!...
#....h.......
#..#..†.......
#..........
#........#.
#......##.)
##.....#)..#
#....###.###
#..#<.# #
#.##....#


You could see an adder and a bat.

Vanquished Creatures
  An adder (D:2)
  A dart slug (D:1)
  2 bats (D:1)
  3 endoplasms (D:1)
  7 goblins (D:1)
  6 hobgoblins
  3 jackals (D:1)
  A kobold (D:1)
  2 ball pythons (D:1)
  A frilled lizard (D:1)
  A rat (D:1)
28 creatures vanquished.

Notes
Turn   | Place    | Note
-------+----------+-------------------------------------------
     0 | D:1      | dynsetu the Octopode Shapeshifter began the quest for the
                  | Orb.
     0 | D:1      | Reached XP level 1. HP: 13/13 MP: 1/1
    52 | D:1      | Reached XP level 2. HP: 18/18 MP: 2/2
   173 | D:1      | Reached XP level 3. HP: 17/23 MP: 3/3
   706 | D:2      | Reached skill level 4 in Unarmed Combat
   707 | D:2      | Succumbed to an adder's poison

Illustrated notes

Levels and vault maps discovered:
D:1:      psy_arrival_spokes, layout_loops_ring, serial_rivers,
          chequers_serial_rivers_micro_c, chequers_serial_rivers_micro_c,
          chequers_serial_rivers_micro_b, chequers_serial_rivers_small_b,
          st_stairs_9, nrook_loot_triangle, minmay_three_crescents
D:2:      layout_rooms, dreamdust_ecumenical_altar_sealed_demon, uniq_natasha

Skill      XL: |  1  2  3 |
---------------+----------+-----
Unarmed Combat | 4 |  4.0
Fighting       | |  1.0
Dodging        | |  2.2
Stealth        | |  0.4
Shapeshifting  | |  3.3

Action                     || total
---------------------------++-------
  Melee: Unarmed           ||    50
         Constrict         ||    11
         Punch             ||     1
         Tentacles         ||     7
   Stab: Sleeping          ||     2
 Armour: Skin              ||    23
  Dodge: Dodged            ||    32

Table legend: (Time is in decaauts)
 A = Elapsed time spent in this place.
 B = Non-inter-level travel time spent in this place.
 C = Inter-level travel time spent in this place.
 D = Time resting spent in this place.
 E = Time spent auto-exploring this place.
 F = Levels seen in this place.
 G = Mean time per level.
                   A        B        C        D        E       F      G
               +--------+--------+--------+--------+--------+-----+--------+
         Total |    704 |    689 |     15 |      0 |    566 |   2 |  352.0 |
       Dungeon |    704 |    689 |     15 |      0 |    566 |   2 |  352.0 |
               +--------+--------+--------+--------+--------+-----+--------+

Top non-repeatable levels by time:
     D:1: 690 daAuts
     D:2: 13 daAuts
